 Dungeon Crawl Stone Soup version 0.31.0-32-g396128a36d (webtiles) character file.

Game seed: 11563604987828689137

613 PriceMaster the Conjurer (level 7, -1/35 HPs)
             Began as a Vine Stalker Conjurer on Mar 25, 2024.
             Was a Follower of Ashenzari.
             Slain by an ogre
             ... wielding a +0 giant club
              (17 damage)
             ... on level 5 of the Dungeon on Mar 26, 2024.
             The game lasted 00:10:01 (4482 turns).

PriceMaster the Conjurer (Vine Stalker Conjurer)    Turns: 4482, Time: 00:10:02

Health: -1/35      AC:  8    Str:  8    XL:     7   Next: 44%
Magic:  0/15       EV:  8    Int: 19    God:    Ashenzari [*.....]
Gold:   250        SH:  0    Dex: 17    Spells: 15/16 levels left

rFire   . . .        l - +0 war axe of Ashenzari's Yoke {flame, Elem, Self} (curse)
rCold   + . .        (no shield)
rNeg    . . .        o - +2 scale mail of Ashenzari's Repose {rC+, Melee, Dev} (curse)
rPois   .            (no helmet)
rElec   .            (no cloak)
rCorr   .            (no gloves)
SInv    .            (no boots)
Will    .....        (no amulet)
Stlth   +            (no ring)
HPRegen 1.05/turn    (no ring)
MPRegen 0.14/turn

%: guardian spirit
@: hasted, very quick
A: fangs 2, regeneration 1, magic shield, antimagic bite, no potion heal 2,
agile 1
a: Renounce Religion, Curse Item, Shatter the Chains


You were on level 5 of the Dungeon.
You worshipped Ashenzari.
Ashenzari was aware of your devotion.
You visited 1 branch of the dungeon, and saw 5 of its levels.

You collected 250 gold pieces.

Inventory:

Hand Weapons
 b - a +0 short sword
 d - a +0 short sword of electrocution
 l - the cursed +0 war axe of Ashenzari's Yoke (weapon) {flame, Elem, Self}
   (You found it on level 2 of the Dungeon)

   It has a curse which improves the following skills: Elements: Fire Magic, Ice
   Magic, Air Magic and Earth Magic.
   Introspection: Fighting and Spellcasting.
 p - a +3 falchion
Missiles
 i - an atropa-tipped dart
Armour
 a - a +0 robe
 o - the cursed +2 scale mail of Ashenzari's Repose (worn) {rC+, Melee, Dev}
   (You took it off Terence on level 2 of the Dungeon)

   It has a curse which improves the following skills: Melee Combat: Short
   Blades, Long Blades, Axes, Maces & Flails, Polearms, Staves and Unarmed
   Combat.
   Devices:   Evocations and Shapeshifting.
Wands
 c - a wand of flame (21)
 r - a wand of paralysis (8)
Scrolls
 e - 5 scrolls of identify
 f - 3 scrolls of teleportation
 k - 2 scrolls of revelation
 n - a scroll of silence
 s - a scroll of poison
 t - 2 scrolls of torment
Potions
 g - 2 potions of curing
 h - a potion of haste
 j - a potion of ambrosia
 m - a potion of enlightenment
 q - a potion of attraction


   Skills:
 * Level 2.2(2.8) Fighting
 + Level 0.7(1.1) Short Blades
 + Level 2.5(3.2) Axes
 + Level 1.8 Armour
 + Level 2.5 Dodging
 + Level 2.7 Stealth
 * Level 4.4(5.1) Spellcasting
 + Level 5.3 Conjurations


You had 15 spell levels left.
You knew the following spells:

 Your Spells              Type           Power      Damage    Failure   Level
a - Magic Dart            Conj           100%       1d8       13%         1

Your spell library contained the following spells:

 Spells                   Type           Power      Damage    Failure   Level
 Searing Ray              Conj           50%        2d6       21%         2
 Fulminant Prism          Conj/Alch      7%         3d7       98%         4
 Iskenderun's Mystic Bla  Conj/Tloc      15%        2d5       98%         4


Dungeon Overview and Level Annotations

Branches:
Dungeon (5/15)
 Temple: D:4-7

Altars:
Ashenzari
Xom
Yredelemnul


Innate Abilities, Weirdness & Mutations

You have extremely sharp teeth.
Your natural rate of healing is unusually fast.
When hurt, damage is shared between your health and your magic reserves.
Your bite disrupts and absorbs the magic of your enemies.
Potions cannot restore your health.
You are agile. (Dex +4, Str/Int -1)


Message History

No target in view!
Items here: ))) [[[ †.
Magic restored.
e - 4 scrolls of identify (gained 1)
Found a +0 ring mail.
You now have 238 gold pieces (gained 2).
Found a basalt altar of Yredelemnul.
e - 5 scrolls of identify (gained 1)
You now have 250 gold pieces (gained 12).
An ogre comes into view. It is wielding a +0 giant club.
The ogre shouts!
A hound comes into view.
The hound barks!
The ogre closely misses you.
You completely miss the ogre. You bite the ogre. You drain its power.
The ogre is lightly wounded.
The ogre hits you with a +0 giant club! The hound bites you but does no damage.
You barely miss the ogre.
The ogre is lightly wounded.
You closely miss the hound. The hound bites you. x2
The ogre hits you with a +0 giant club.
You feel yourself speed up. The hound bites you but does no damage.
You hit the ogre. You burn the ogre. You bite the ogre. You drain its power.
You feel invigorated.
The ogre is moderately wounded.
You hit the hound. You burn the hound. The hound bites you.
The ogre hits you with a +0 giant club. The hound bites you but does no damage.
You hit the ogre. You burn the ogre.
The ogre is moderately wounded.
You hit the hound. You burn the hound. The hound bites you.
You slash the ogre! You burn the ogre.
The ogre is almost dead.
You closely miss the hound.
The ogre hits you with a +0 giant club!!
The hound bites you but does no damage.
You hit the hound. You burn the hound.
You kill the hound!
You hit the ogre. You burn the ogre.
The ogre hits you with a +0 giant club!!
You die...

.# ## ##.... ... ..#
..... #.#####.# ..#.#
#.......###### #.#.#
####...........# #.#.#
...............# #.#.#
###...O........# ###....
.......@.......###......
####...........#.....###
+..................♣#
#..........######♣..♣
#..........# #♣..
#.........## #♣.
#.........# ♣.
#.........# ♣.
#........## ♣.


You could see an ogre.

Vanquished Creatures
  Menkaure (D:4)
  3 scorpions (D:4)
  3 hounds
  An orc priest (D:5)
  2 orc wizards (D:5)
  Terence (D:2)
  A river rat (D:4)
  8 adders
  A ribbon worm (D:3)
  9 orcs
  6 ball pythons
  3 bats
  3 endoplasms
  6 giant cockroaches
  8 goblins
  7 hobgoblins
  7 jackals
  9 kobolds
  3 quokkas
  8 frilled lizards
  2 rats (D:3)
92 creatures vanquished.

Notes
Turn   | Place    | Note
-------+----------+-------------------------------------------
     0 | D:1      | PriceMaster the Vine Stalker Conjurer began the quest for
                  | the Orb.
     0 | D:1      | Reached XP level 1. HP: 9/9 MP: 4/4
   156 | D:1      | Reached XP level 2. HP: 13/13 MP: 0/6
   475 | D:1      | Reached XP level 3. HP: 16/16 MP: 1/7
  1208 | D:2      | Found a faded altar of an unknown god.
  1304 | D:2      | Found a broken altar of Ashenzari.
  1334 | D:2      | Became a worshipper of Ashenzari the Shackled
  1395 | D:2      | Reached XP level 4. HP: 21/21 MP: 4/8
  1775 | D:2      | Noticed Terence
  1789 | D:2      | Killed Terence
  2304 | D:3      | Found a shimmering altar of Xom.
  2478 | D:3      | Reached XP level 5. HP: 25/25 MP: 7/10
  2600 | D:3      | Reached skill level 5 in Conjurations
  3120 | D:4      | Reached skill level 1 in Fighting
  3258 | D:4      | Reached * piety under Ashenzari
  3310 | D:4      | Found a glowing drain.
  3313 | D:4      | Reached skill level 1 in Axes
  3379 | D:4      | Gained mutation: You are frail. (-10% HP) [potion of
                  | mutation]
  3379 | D:4      | Gained mutation: You have sharp fingernails. [potion of
                  | mutation]
  3401 | D:4      | Reached skill level 1 in Armour
  3401 | D:4      | Reached XP level 6. HP: 9/27 MP: 10/13
  3507 | D:4      | Lost mutation: You have sharp fingernails. [potion of
                  | mutation]
  3507 | D:4      | Lost mutation: You are frail. (-10% HP) [potion of
                  | mutation]
  3507 | D:4      | Gained mutation: You have a pair of small horns on your
                  | head. [potion of mutation]
  3509 | D:4      | Lost mutation: You have a pair of small horns on your head.
                  | [potion of mutation]
  3509 | D:4      | Gained mutation: You are agile. (Dex +4, Str/Int -1)
                  | [potion of mutation]
  3509 | D:4      | Lost mutation: You are agile. (Dex +4, Str/Int -1) [potion
                  | of mutation]
  3509 | D:4      | Gained mutation: You are agile. (Dex +4, Str/Int -1)
                  | [potion of mutation]
  3824 | D:4      | Noticed Menkaure
  3833 | D:4      | Killed Menkaure
  3834 | D:4      | Reached XP level 7. HP: 9/35 MP: 11/15
  4060 | D:4      | Identified the cursed +2 scale mail of Ashenzari's Repose
                  | {rC+, Melee, Dev} (You took it off Terence on level 2 of
                  | the Dungeon)
  4235 | D:5      | Entered Level 5 of the Dungeon
  4444 | D:5      | Found a basalt altar of Yredelemnul.
  4482 | D:5      | Slain by an ogre

Illustrated notes

Levels and vault maps discovered:
D:1:      dpeg_arrival_rhombus, layout_basic, minmay_statues_item,
          minmay_ruptured
D:2:      layout_basic, basic_altar, hellmonk_ecumenical_altar_run_dry,
          minmay_pentomino_s4, uniq_terence
D:3:      layout_rooms, mainiacjoe_overflow_24_doors, serial_corexii_hall,
          chequers_hall_statues_y, corexii_hall_statues_i,
          chequers_hall_statues_y
D:4:      layout_basic, cheibrodos_sewer_entry_sluice, minmay_misc_feat_x,
          grunt_ministairs_12, uniq_menkaure
D:5:      layout_basic, kennysheep_ying_yang

Skill      XL: |  1  2  3  4  5  6  7 |
---------------+----------------------+-----
Dodging        | 2 |  2.5
Spellcasting   | 3 4 |  4.4
Conjurations   | 5 |  5.3
Fighting       | 1 2 |  2.2
Axes           | 1 2 |  2.5
Armour         | 1 |  1.8
Short Blades   | |  0.7
Stealth        | |  2.7

Action                     |  1- 3 |  4- 6 |  7- 9 || total
---------------------------+-------+-------+-------++-------
  Melee: Unarmed           |    10 |       |       ||    10
         Bite              |     7 |    16 |    11 ||    34
         Short sword       |    30 |       |       ||    30
         War axe           |     5 |    56 |    60 ||   121
         Punch             |       |     1 |       ||     1
  Throw: Dart              |       |     3 |       ||     3
   Cast: Magic Dart        |    69 |    65 |     5 ||   139
 Invoke: Curse Item        |       |     2 |       ||     2
    Use: Scroll            |     1 |     3 |       ||     4
         Potion            |     1 |     7 |     2 ||    10
 Armour: Robe              |   108 |     3 |       ||   111
         Scale mail        |       |    68 |    54 ||   122
         Skin              |       |       |    35 ||    35
  Dodge: Dodged            |   139 |    44 |    12 ||   195
